 Dungeon Crawl Stone Soup version 0.29-a0-993-g4a18f31a58 (webtiles) character file.

Game seed: 16102455369540531519

168 ytrimaz the Chopper (level 5, -2/41 HPs)
             Began as a Formicid Fighter on Aug 3, 2022.
             Slain by jlumianski's ghost (9 damage)
             ... on level 3 of the Dungeon.
             The game lasted 00:02:35 (2719 turns).

ytrimaz the Chopper (Formicid Fighter)              Turns: 2719, Time: 00:02:35

Health: -2/41      AC: 11    Str: 28    XL:     5   Next: 78%
Magic:  5/5        EV:  7    Int:  8    God:
Gold:   136        SH:  6    Dex: 19    Spells: 4/4 levels left

rFire   . . .      SeeInvis +   a - +1 war axe
rCold   . . .      Faith    .   c - +0 buckler
rNeg    . . .      Spirit   .   h - +0 plate armour
rPois   .          Reflect  .   (helmet unavailable)
rElec   .          Harm     .   (no cloak)
rCorr   .          Rampage  .   (no gloves)
Will    .....                   (no boots)
Stlth   ..........              (no amulet)
HPRegen 0.13/turn               i - +6 ring of strength
MPRegen 0.09/turn               j - +6 ring of dexterity

@: mighty
A: permanent stasis, dig shafts and tunnels, antennae 3, four strong arms
a: Dig, Shaft Self


You were on level 3 of the Dungeon.
You visited 1 branch of the dungeon, and saw 3 of its levels.

You collected 136 gold pieces.

Inventory:

Hand Weapons
 a - a +1 war axe (weapon)
Armour
 b - a +0 scale mail
 c - a +0 buckler (worn)
 h - a +0 plate armour (worn)
Jewellery
 i - a +6 ring of strength (left hand)
 j - a +6 ring of dexterity (right hand)
Scrolls
 k - a scroll of immolation
 l - a scroll of enchant armour
 m - 2 scrolls of teleportation {unknown}
 o - a scroll of identify
Potions
 d - 2 potions of might
 e - a potion of berserk rage {unknown}
 f - 2 potions of magic {unknown}
 g - a potion of flight {unknown}
 n - 2 potions of curing


   Skills:
 - Level 3.2 Fighting
 + Level 5.5 Axes
 - Level 3.2 Armour
 - Level 4.0 Shields


You had 4 spell levels left.
You didn't know any spells.
Your spell library contained the following spells:

 Spells                   Type           Power      Damage    Failure   Level
 Magic Dart               Conj           0%         1d3       100%        1
 Call Imp                 Summ           0%         N/A       100%        2
 Mephitic Cloud           Conj/Pois/Air  0%         N/A       100%        3


Dungeon Overview and Level Annotations

Branches:
Dungeon (3/15)

Altars:

Shops:
D:3 :

Annotations:
D:3 jlumianski's ghost, weakling MiFi


Innate Abilities, Weirdness & Mutations

You cannot be hasted, slowed, berserked, paralysed or teleported.
You can dig through walls and to a lower floor.
You have a pair of large antennae on your head. (SInv)
Your four strong arms can wield two-handed weapons with a shield.


Message History

The orc hits you with a +0 hand axe. The orc hits you but does no damage.
Jlumianski's ghost hits you. The orc hits you but does no damage.
You block jlumianski's ghost's attack. The orc hits you with a +0 mace.
You block the orc's attack. The orc hits you but does no damage.
Jlumianski's ghost hits you.
You see here a +0 club.
Unknown command.
You closely miss jlumianski's ghost.
Jlumianski's ghost is heavily damaged.
You closely miss the orc. You hit the orc. x2
You kill the orc!
Jlumianski's ghost hits you. The orc hits you but does no damage.
The orc hits you with a +0 mace.
Unknown command.
You slash jlumianski's ghost!
Jlumianski's ghost is almost destroyed.
You closely miss the orc. x2; Jlumianski's ghost closely misses you.
The orc hits you but does no damage. x2
Unknown command.
You hit jlumianski's ghost but do no damage.
Jlumianski's ghost is almost destroyed.
You hit the orc but do no damage. You completely miss the orc.
You barely miss the orc. The orc hits you but does no damage.
You block jlumianski's ghost's attack. The orc hits you but does no damage.
You barely miss jlumianski's ghost.
Jlumianski's ghost is almost destroyed.
You hit the orc. You closely miss the orc. You slash the orc!
You kill the orc!
You hit the orc. The orc barely misses you.
The orc hits you but does no damage. Jlumianski's ghost hits you!
* * * LOW HITPOINT WARNING * * *
The orc hits you with a +0 club.
* * * LOW HITPOINT WARNING * * *
You completely miss jlumianski's ghost.
Jlumianski's ghost is almost destroyed.
You slash the orc!
You kill the orc!
You barely miss the orc. You closely miss the orc. You block the orc's attack.
Jlumianski's ghost hits you!
You die...

####.### #.#
#######8.....# #.#
8....!#..#.#.###.#
#..##..#.......##.# #
#..8#..#....#..##.#
#######
#..##..#..........#
......#
#....#.#[..##..####
..###.#####[...#oW...##..#
#.# #.....#_.8.#@)...##..#
#.# #######....#)o)......#
#.# ##.#....#.#..###.##
#.# ##..#..##..#..###.#
..# ##...#..8#..#...##.#
..####....#..##..#....#.#
.....'....#8.....#......#
.....#....########8.....#
∩###.##.......# #.#.##.#


You could see jlumianski's ghost and 2 orcs.

Vanquished Creatures
  Natasha (thrice) (D:3)
  3 adders (D:2)
  A worm (D:2)
  A dart slug (D:2)
  8 orcs (D:3)
  2 endoplasms
  5 giant cockroaches
  3 goblins
  7 hobgoblins
  A kobold (D:3)
  A quokka (D:1)
  8 ball pythons
  5 bats
  6 frilled lizards
  8 rats
62 creatures vanquished.

Notes
Turn   | Place    | Note
-------+----------+-------------------------------------------
     0 | D:1      | ytrimaz the Formicid Fighter began the quest for the Orb.
     0 | D:1      | Reached XP level 1. HP: 18/18 MP: 1/1
    56 | D:1      | Reached XP level 2. HP: 16/24 MP: 2/2
   193 | D:1      | Reached skill level 3 in Axes
   526 | D:1      | Reached XP level 3. HP: 29/29 MP: 3/3
   714 | D:1      | Found a faded altar of an unknown god.
  1238 | D:2      | Reached skill level 4 in Axes
  1238 | D:2      | Reached XP level 4. HP: 35/35 MP: 4/4
  1836 | D:3      | Found a runed translucent gate.
  1836 | D:3      | Noticed jlumianski's ghost (weakling MiFi)
  1837 | D:3      | Found a runed translucent gate.
  1837 | D:3      | Identified the +4 short sword of Weak Absolution
                  | {antimagic, rF+ Dex+4}
  1846 | D:3      | Found a runed translucent gate.
  1921 | D:3      | Found Tehedu's Book Shop.
  1957 | D:3      | Noticed Natasha
  1964 | D:3      | Killed Natasha
  1965 | D:3      | Reached XP level 5. HP: 37/41 MP: 5/5
  2204 | D:3      | Noticed Natasha
  2215 | D:3      | Killed Natasha
  2216 | D:3      | Reached skill level 5 in Axes
  2534 | D:3      | Noticed Natasha
  2543 | D:3      | Killed Natasha
  2719 | D:3      | Slain by jlumianski's ghost

Illustrated notes

Levels and vault maps discovered:
D:1:      eino_arrival_water_star, layout_basic,
          dreamdust_ecumenical_altar_angels_and_demons, hangedman_glass_teeth,
          hangedman_decor_peaks_small
D:2:      layout_basic, kennysheep_generic_room_2
D:3:      layout_loops_corners, serial_shops, shop, biasface_ghost_orc_armoury,
          uniq_natasha

Skill      XL: |  1  2  3  4  5 |
---------------+----------------+-----
Axes           | 3 4 5 |  5.5
Fighting       | |  3.2
Armour         | |  3.2
Shields        | |  4.0

Action                   |  1- 3 |  4- 6 || total
-------------------------+-------+-------++-------
Melee: War axe           |    73 |    65 ||   138
  Use: Scroll            |     3 |     3 ||     6
       Potion            |       |     1 ||     1
Armor: Scale mail        |    41 |       ||    41
       Plate armour      |       |    31 ||    31
Dodge: Dodged            |    41 |    24 ||    65
Block: Buckler           |    21 |    22 ||    43

Table legend: (Time is in decaauts)
 A = Elapsed time spent in this place.
 B = Non-inter-level travel time spent in this place.
 C = Inter-level travel time spent in this place.
 D = Time resting spent in this place.
 E = Time spent auto-exploring this place.
 F = Levels seen in this place.
 G = Mean time per level.
                   A        B        C        D        E       F      G
               +--------+--------+--------+--------+--------+-----+--------+
         Total |   2765 |   2736 |     29 |     40 |   2158 |   3 |  921.7 |
       Dungeon |   2765 |   2736 |     29 |     40 |   2158 |   3 |  921.7 |
               +--------+--------+--------+--------+--------+-----+--------+

Top non-repeatable levels by time:
     D:1: 1033 daAuts
     D:3: 975 daAuts
     D:2: 755 daAuts
